 Dungeon Sprint DCSS version 0.28.0-53-g5a82cb258f (webtiles) character file.

Game seed: 8929000024615535662

1279 Zeld the Fighter (level 8, -9/129 HPs)
             Began as a Minotaur Berserker on June 7, 2022.
             Was a High Priest of Trog.
             Mangled by a vampire mosquito (10 damage)
             ... in the Dungeon (Sprint IX: "|||||||||||||||||||||||||||||").
             The game lasted 00:00:49 (1260 turns).

Zeld the Fighter (Minotaur Berserker)               Turns: 1260, Time: 00:00:50

Health: -9/129     AC:  0    Str: 24    XL:     8   Next: 29%
Magic:  7/7        EV: 14    Int:  4    God:    Trog [*****.]
Gold:   0          SH:  0    Dex: 10    Spells: 7/7 levels left

rFire   . . .      SeeInvis .   a - +1 broad axe (freeze)
rCold   . . .      Faith    .   (no shield)
rNeg    . . .      Spirit   .   b - +0 animal skin
rPois   .          Reflect  .   (helmet restricted)
rElec   .          Harm     .   k - +0 cloak
rCorr   .          Rampage  .   (no gloves)
Will    .....      NoTele   +   (no boots)
Stlth   ..........              (no amulet)
HPRegen 0.31/turn               (no ring)
MPRegen 0.10/turn               (no ring)

@: berserking, corroded, very quick
A: horns 2, retaliatory headbutt
a: Renounce Religion, Berserk, Trog's Hand, Brothers in Arms


You were in the Dungeon.
You worshipped Trog.
Trog was extremely pleased with you.
You visited 1 branch

Inventory:

Hand Weapons
 a - a +1 broad axe of freezing (weapon)
Armour
 b - a +0 animal skin (worn)
 k - a +0 cloak (worn)
Wands
 j - a wand of iceblast (10)
Scrolls
 h - 2 scrolls of blinking
Potions
 c - 5 potions of curing
 d - 3 potions of heal wounds
 e - a potion of haste
 f - 4 potions of magic
 g - a potion of berserk rage
 i - a potion of invisibility


   Skills:
 * Level 13.2 Fighting
 * Level 13.1 Axes
 + Level 9.3 Armour
 + Level 8.5 Dodging


You had 7 spell levels left.
You didn't know any spells.
Your spell library was empty.

Dungeon Overview and Level Annotations

Branches:
Dungeon (1/1)

Altars:
Cheibriados
Dithmenos
Elyvilon
Fedhas
Gozag
Hepliaklqana
Kikubaaqudgha
Makhleb
Nemelex Xobeh
Okawaru
Qazlal
Ru
Sif Muna
Trog
Uskayaw
Vehumet
Wu Jian
Xom
Yredelemnul
Zin
The Shining One
Beogh
Jiyva
Lugonu


Innate Abilities, Weirdness & Mutations

You have a pair of horns on your head.
You reflexively headbutt those who attack you in melee.


Message History

You hit the brown ugly thing but do no damage.
The brown ugly thing is almost dead.
You hit the brown ugly thing but do no damage.
The brown ugly thing is almost dead.
The brown ugly thing trunk-slaps you!
You are splashed with acid!
The boulder beetle hits you!!!
* * * LOW HITPOINT WARNING * * *
The boulder beetle stops rolling and uncurls.
Unknown command.
You are too injured to fight recklessly!
You slash the brown ugly thing! You freeze the brown ugly thing.
You kill the brown ugly thing!
Trog accepts your kill.
You completely miss the boulder beetle.
The polar bear changes into a guardian serpent!
The vampire mosquito closely misses you.
Your Fighting skill increases to level 13!
Your Axes skill increases to level 13!
Your Armour skill increases to level 9!
Your Dodging skill increases to level 8!
You have reached level 8!
You feel stronger.
You slice the boulder beetle!! You freeze the boulder beetle!
You headbutt the boulder beetle.
The boulder beetle is heavily wounded.
You barely miss the vampire mosquito. The boulder beetle bites you!
* * * LOW HITPOINT WARNING * * *
The vampire mosquito misses you. You furiously retaliate!
You headbutt the vampire mosquito!
You hit the boulder beetle but do no damage.
The boulder beetle is heavily wounded.
You slash the vampire mosquito! You freeze the vampire mosquito.
The vampire mosquito bites you.
* * * LOW HITPOINT WARNING * * *
The vampire mosquito draws strength from your injuries!
The boulder beetle waves its antennae.
The boulder beetle closely misses you.
You slash the boulder beetle! You freeze the boulder beetle.
The boulder beetle is severely wounded.
You miss the vampire mosquito. The vampire mosquito bites you!
You die...

▓'▓
▓)▓
▓)▓
▓)▓
▓.▓
▓.▓
▓.▓
▓B▓
▓@▓
▓y▓
▓H▓
▓S▓
▓.▓
▓.▓
▓+▓


You could see a boulder beetle, a manticore, a guardian serpent shaped shifter
and a vampire mosquito.

Vanquished Creatures
  An ugly thing (D)
  A manticore (D)
  A yak (D)
  A centaur (D)
  A phantom (D)
  A kobold brigand (D)
  A scorpion (D)
  A killer bee (D)
  An iguana (D)
  An orc wizard (D)
  An orc (D)
  2 endoplasms (D)
  A kobold (D)
  A ball python (D)
  A giant cockroach zombie (D)
  A quokka skeleton (D)
  A rat (D)
18 creatures vanquished.

Notes
Turn   | Place    | Note
-------+----------+-------------------------------------------
     0 | D        | Zeld the Minotaur Berserker began the quest for the Orb.
     0 | D        | Reached XP level 1. HP: 19/19 MP: 0/0
    11 | D        | Reached ** piety under Trog
   513 | D        | Noticed a scorpion
   513 | D        | Noticed an iguana
   513 | D        | Noticed a phantom
   515 | D        | Killed a scorpion
   516 | D        | Reached XP level 2. HP: 31/31 MP: 1/1
   516 | D        | Reached XP level 3. HP: 38/38 MP: 2/2
   521 | D        | Reached *** piety under Trog
   522 | D        | Reached XP level 4. HP: 47/47 MP: 3/3
   528 | D        | Killed a phantom
   529 | D        | Reached skill level 5 in Armour
   529 | D        | Reached skill level 5 in Dodging
   529 | D        | Reached XP level 5. HP: 53/55 MP: 4/4
   575 | D        | Found a snail-covered altar of Cheibriados.
   575 | D        | Found a shadowy altar of Dithmenos.
   575 | D        | Found a white marble altar of Elyvilon.
   575 | D        | Found a blossoming altar of Fedhas.
   575 | D        | Found an opulent altar of Gozag.
   666 | D        | Found a hazy altar of Hepliaklqana.
   667 | D        | Found a viscous altar of Jiyva.
   668 | D        | Found an ancient bone altar of Kikubaaqudgha.
   669 | D        | Found a corrupted altar of Lugonu.
   670 | D        | Found a burning altar of Makhleb.
   671 | D        | Found a sparkling altar of Nemelex Xobeh.
   672 | D        | Found an iron altar of Okawaru.
   673 | D        | Found a stormy altar of Qazlal.
   674 | D        | Found a sacrificial altar of Ru.
   675 | D        | Found a shimmering blue altar of Sif Muna.
   676 | D        | Found a bloodstained altar of Trog.
   677 | D        | Found a hide-covered altar of Uskayaw.
   678 | D        | Found a radiant altar of Vehumet.
   679 | D        | Found an ornate altar of the Wu Jian Council.
   680 | D        | Found a shimmering altar of Xom.
   681 | D        | Found a basalt altar of Yredelemnul.
   682 | D        | Found a glowing silver altar of Zin.
   683 | D        | Found a glowing golden altar of the Shining One.
   869 | D        | Noticed a centaur
   869 | D        | Noticed a yak
   874 | D        | Killed a centaur
   879 | D        | Killed a yak
   879 | D        | Reached **** piety under Trog
   880 | D        | Reached skill level 10 in Fighting
   880 | D        | Reached skill level 10 in Axes
   880 | D        | Reached XP level 6. HP: 41/67 MP: 5/5
   887 | D        | Reached XP level 7. HP: 22/74 MP: 6/6
  1245 | D        | Noticed a manticore
  1245 | D        | Noticed a boulder beetle
  1245 | D        | Noticed a brown ugly thing
  1245 | D        | Noticed a vampire mosquito
  1245 | D        | Noticed a manticore
  1245 | D        | Noticed a polar bear
  1250 | D        | Killed a manticore
  1250 | D        | Reached ***** piety under Trog
  1257 | D        | Killed a brown ugly thing
  1257 | D        | Noticed a guardian serpent
  1257 | D        | a polar bear changed into a guardian serpent
  1258 | D        | Reached XP level 8. HP: 18/86 MP: 7/7
  1258 | D        | HP: 5/129 [boulder beetle (13)]
  1259 | D        | HP: 1/129 [vampire mosquito (4)]
  1260 | D        | Mangled by a vampire mosquito

Illustrated notes

Levels and vault maps discovered:
D:        linesprint [early_d, line_temple, items_1, d_10, items_2, lair_1,
          lair_end, items_3, orc_1, orc_end, items_4, d_15, swamp_1, shoals_1,
          snake_1, spider_1, d_20, vaults_1, items_5, swamp_end, shoals_end,
          snake_end, spider_end, vaults_end, d_27, items_6, zot_1, zot_end,
          crypt_end, forest_end, elf_end, slime_end, tomb_end, abyss_end,
          pan_hell_end]

Skill      XL: |  1  2  3  4  5  6  7 |
---------------+----------------------+-----
Fighting       | 6 7 8 10 11 13 | 13.2
Axes           | 6 7 8 10 11 13 | 13.1
Armour         | 4 5 7 9 |  9.3
Dodging        | 3 4 5 6 8 |  8.5

Action                   |  1- 3 |  4- 6 |  7- 9 || total
-------------------------+-------+-------+-------++-------
Melee: Hand axe          |    18 |     7 |       ||    25
       Headbutt          |     3 |     4 |     2 ||     9
       Punch             |       |     1 |       ||     1
       Broad axe         |       |    13 |    13 ||    26
Invok: Berserk           |     1 |     1 |     1 ||     3
Armor: Animal skin       |     1 |     2 |     3 ||     6
Dodge: Dodged            |     7 |     8 |    11 ||    26
